 Crawl Stoat Soup version 0.23-ish-327-87-g3a41155e8f (console) character file.

7510 ceb the Merchant of Misery (level 11, 0/64 HPs)
             Began as a Faerie Dragon Necromancer on Mar 30, 2024.
             Was a Believer of Kikubaaqudgha.
             Slain by a wight
             ... wielding a cursed +4 dagger of freezing
              (1 damage)
             ... on level 9 of the Dungeon.
             The game lasted 00:27:27 (10670 turns).

ceb the Merchant of Misery (FDNe)                  Turns: 10670, Time: 00:27:29

Health: 0/64       AC:  9    Str:  4 (6)  XL:     11   Next: 16%
Magic:  24/24      EV: 18    Int: 21 (22) God:    Kikubaaqudgha [**....]
Gold:   602        SH: 11    Dex: 11 (13) Spells: 16/28 levels left

rFire    + + .     SeeInvis +   Q - +2 spear (freeze) (curse)
rCold    + . .     Gourm    .   R - +2 buckler
rNeg     . . .     Faith    .   (armour unavailable)
rPois    +         Spirit   .   (helmet restricted)
rElec    .         Warding  .   J - scarf {rC+ rF+}
rCorr    .         Reflect  .   C - +1 pair of gloves of the Bells {rPois rF+}
MR       ++...     Harm     +   M - +0 pair of boots
Stlth    ..........             z - amulet of harm
HPRegen  0.20/turn              F - +3 ring of evasion
MPRegen  0.19/turn              w - ring of see invisible

@: flying, heavily drained
A: small, sparkly, unfitting armour, deterioration 1, frail 1, magic resistance
1, poison resistance, magic attunement, magical scales, able to fly
a: Stop Flying, Receive Corpses, Renounce Religion


You were on level 9 of the Dungeon.
You worshipped Kikubaaqudgha.
Kikubaaqudgha was pleased with you.
You were not hungry.

You visited 2 branches of the dungeon, and saw 10 of its levels.

You collected 699 gold pieces.
You spent 97 gold pieces at shops.

Inventory:

Hand Weapons
 a - a +0 long sword of protection
 b - a +1 trident of protection
 n - a +0 rapier
 r - a +0 morningstar of venom
 Q - a cursed +2 spear of freezing (weapon)
Armour
 C - the +1 pair of gloves of the Bells (worn) {rPois rF+}
   (You found it on level 5 of the Dungeon)

   It protects you from fire.
   It protects you from poison.
 J - a scarf of resistance (worn)
 M - a +0 pair of boots (worn)
 R - a +2 buckler (worn)
Jewellery
 p - an uncursed ring of wizardry
 w - a ring of see invisible (right hand)
 x - an uncursed ring of fire
 z - an amulet of harm (around neck)
 F - a +3 ring of evasion (left hand)
 T - a cursed -2 ring of protection {unknown}
Wands
 j - 3 wands of paralysis (33 charges)
 m - a wand of mindburst (16 charges)
 v - a wand of polymorph (13 charges)
 P - a wand of acid (4 charges)
Scrolls
 d - 2 scrolls of teleportation
 g - 2 scrolls of fog
 h - 3 scrolls of amnesia
 l - 3 scrolls of blinking
 o - 3 scrolls of remove curse
 t - 2 scrolls of magic mapping
 y - 3 scrolls of enchant armour {unknown}
 B - a scroll of torment {unknown}
 H - a scroll of enchant weapon {unknown}
 I - a scroll of noise {unknown}
 N - a scroll of vulnerability {unknown}
 O - a scroll of fear {unknown}
Potions
 e - 2 potions of haste {unknown}
 f - 4 potions of brilliance {unknown}
 k - 3 potions of flight {unknown}
 q - 2 potions of mutation {unknown}
 s - a potion of cancellation {unknown}
 u - 4 potions of curing {unknown}
 D - 3 potions of lignification {unknown}
 E - a potion of degeneration {unknown}
 G - a potion of invisibility {unknown}
 K - 2 potions of experience {unknown}
 L - 2 potions of magic {unknown}
 S - 2 potions of might {unknown}
Comestibles
 c - 6 bread rations
 i - 8 meat rations


   Skills:
 + Level 5.8(3.4) Fighting
 + Level 9.0(6.4) Dodging
 - Level 1.2(0.0) Stealth
 + Level 2.0(0.0) Shields
 + Level 9.1(6.4) Spellcasting
 * Level 13.2(10.2) Necromancy


You had 16 spell levels left.
You knew the following spells:

 Your Spells              Type           Power        Failure   Level  Hunger
a - Necrotise             Necr           25/25        1%          1    None
b - Animate Dead          Necr           N/A          2%          4    None
c - Vampiric Draining     Necr           49/200       1%          3    None
d - Regeneration          Chrm/Necr      28/200       19%         4    None

Your spell library contained the following spells:

 Spells                   Type           Power        Failure   Level  Hunger
 Corpse Rot               Necr           N/A          1%          2    None
 Sublimation of Blood     Necr           49/200       1%          2    None


Dungeon Overview and Level Annotations

Branches:
Dungeon (9/15)             Temple (1/1) D:6            Lair (0/6) D:9
    Orc (0/2) D:9

Altars:
Cheibriados
Dithmenos
Elyvilon
Fedhas
Gozag
Hepliaklqana Ihp'ix
Kikubaaqudgha
Makhleb
Nemelex Xobeh
Okawaru
Qazlal
Ru
Sif Muna
Trog
Uskayaw
Vehumet
Wu Jian
Xom
Yredelemnul
Zin
The Shining One

Shops:
D:7 *


Innate Abilities, Weirdness & Mutations

Your sparkly wings attract attention (Stealth-).
You are small and have problems with some larger weapons.
You cannot fit into any form of body armour.
Your spells do not cause hunger; their MP costs are reduced by 1.
Your shimmering scales repel attacks (AC +6, SH +6).
You can fly continuously.
Your body sometimes deteriorates upon taking damage.
You are frail. (-10% HP)
You are resistant to hostile enchantments. (MR+)
Your system is resistant to poisons. (rPois)


Message History

The wight freezes you.
* * * LOW HITPOINT WARNING * * *
You hit the wight but do no damage.
The wight is moderately damaged.
The wight closely misses you.
You hit the wight but do no damage.
The wight is moderately damaged.
The wight closely misses you.
You hit the wight.
The wight is moderately damaged.
The wight hits you but does no damage. The wight closely misses you.
You closely miss the wight.
The wight is moderately damaged.
The wight hits you with a dagger of freezing!
* * * LOW HITPOINT WARNING * * *
You feel drained.
* * * LOW HITPOINT WARNING * * *
The wight freezes you.
You die...
Kikubaaqudgha rasps: "You have failed me!
Welcome... death!"

..█........# #z
███.#####..# #@
....#...#..# #.
....#.>.#.)# #.
....#...#))#####........
....##''#...............
.....................▓▓▓
▓▓▓▓▓▓...............▓
▓.....▓▓▓▓▓▓▓▓▓▓▓
▓.....▓ ▓▓▓▓▓▓▓


You could see a wight.

Vanquished Creatures
  A two-headed ogre (D:6)
  Joseph (D:7)
  A troll (D:8)
  3 yaks (D:8)
  A hungry ghost (D:8)
  A hippogriff (D:7)
  A water moccasin (D:7)
  3 porcupines
  An ice beast (D:6)
  4 sky beasts
  5 orc warriors
  2 necrophages
  2 centaurs
  2 crocodiles (D:8)
  9 ogres
  A phantom (D:5)
  3 bullfrogs
  3 gnoll sergeants
  4 scorpions
  14 killer bees (D:8)
  3 wights (D:9)
  3 goliath beetles
  2 howler monkeys
  2 jellies
  A bullfrog zombie (D:8)
  6 hounds
  A gnoll shaman (D:6)
  6 orc priests
  2 bullfrog skeletons
  A centaur skeleton (D:6)
  8 orc wizards
  4 worker ants
  A killer bee zombie (D:8)
  A hound skeleton (D:7)
  3 worker ant zombies
  13 gnolls
  6 adders
  An ufetubus (D:5)
  6 oozes
  An adder zombie (D:6)
  An adder skeleton (D:4)
  4 worms
  2 dart slugs (D:4)
  2 leopard geckos
  20 orcs
  2 ball pythons (D:2)
  4 bats
  2 giant cockroaches
  6 goblins
  16 hobgoblins
  13 jackals
  7 kobolds
  7 weasels
  7 frilled lizards
  5 rats
  2 plants (D:6)
233 creatures vanquished.

Vanquished Creatures (collateral kills)
  A centaur zombie (D:9)
  3 yaks
  A centaur (D:6)
  A bullfrog (D:9)
  A wyvern skeleton (D:6)
  A scorpion (D:9)
  A water moccasin skeleton (D:5)
  2 jellies (D:8)
  A gnoll shaman (D:7)
  An iguana (D:7)
  A hound zombie (D:6)
  A worker ant zombie (D:9)
  4 gnolls
  A white imp (D:9)
  An ufetubus (D:9)
  An ooze (D:8)
  A dart slug (D:1)
  An orc (D:8)
  A frilled lizard (D:1)
  A plant (D:6)
26 creatures vanquished.

Vanquished Creatures (others)
  A fungus (D:9)
1 creature vanquished.

Grand Total: 260 creatures vanquished

Notes
Turn   | Place    | Note
-------+----------+-------------------------------------------
     0 | D:1      | ceb the Faerie Dragon Necromancer began the quest for the
                  | Orb.
     0 | D:1      | Reached XP level 1. HP: 11/11 MP: 3/3
    56 | D:1      | Reached skill level 5 in Necromancy
    56 | D:1      | Reached XP level 2. HP: 17/17 MP: 3/5
   322 | D:1      | Reached XP level 3. HP: 21/21 MP: 5/7
   703 | D:2      | Found a shadowy altar of Dithmenos.
   789 | D:2      | Reached XP level 4. HP: 24/27 MP: 9/9
  1315 | D:3      | Noticed hilarita's ghost (amateur MDHu)
  1316 | D:3      | Witnessed revenge of hilarita's ghost on a hobgoblin.
  1321 | D:3      | Reached XP level 5. HP: 29/31 MP: 10/10
  2071 | D:4      | Reached skill level 6 in Necromancy
  2342 | D:4      | Noticed an ogre
  2348 | D:4      | Reached XP level 6. HP: 36/36 MP: 12/12
  2383 | D:4      | Learned a level 4 spell: Animate Dead
  2387 | D:4      | Learned a level 3 spell: Vampiric Draining
  2392 | D:4      | Learned a level 4 spell: Regeneration
  2624 | D:4      | Found a stormy altar of Qazlal.
  3078 | D:4      | Reached skill level 5 in Dodging
  3078 | D:4      | Reached skill level 5 in Spellcasting
  3078 | D:4      | Reached skill level 7 in Necromancy
  3078 | D:4      | Reached XP level 7. HP: 21/41 MP: 14/14
  3265 | D:5      | Entered Level 5 of the Dungeon
  3829 | D:5      | Found a shadowy altar of Dithmenos.
  3932 | D:5      | Got a pair of warped gloves
  3943 | D:5      | Identified the +1 pair of gloves of the Bells {rPois rF+}
                  | (You found it on level 5 of the Dungeon)
  4265 | D:6      | Reached skill level 1 in Fighting
  4299 | D:6      | Reached XP level 8. HP: 48/48 MP: 16/16
  4313 | D:6      | Noticed a two-headed ogre
  4324 | D:6      | Reached skill level 8 in Necromancy
  4325 | D:6      | Killed a two-headed ogre
  4640 | D:6      | Reached skill level 9 in Necromancy
  4649 | D:6      | Found a staircase to the Ecumenical Temple.
  4656 | Temple   | Entered the Ecumenical Temple
  5622 | D:6      | Reached XP level 9. HP: 42/55 MP: 19/19
  5845 | D:6      | Reached skill level 10 in Necromancy
  6370 | D:6      | Found a three-legged altar of Ihp'ix.
  6704 | D:7      | Found a burning altar of Makhleb.
  6947 | D:7      | Found a hide-covered altar of Uskayaw.
  7158 | D:7      | Noticed Joseph
  7170 | D:7      | Killed Joseph
  7170 | D:7      | Reached skill level 11 in Necromancy
  7170 | D:7      | Reached XP level 10. HP: 22/64 MP: 7/21
  7493 | D:7      | Found Pocin's General Store.
  7500 | D:7      | Bought a scroll of teleportation for 39 gold pieces
  7500 | D:7      | Bought a +0 pair of boots for 58 gold pieces
  7905 | D:8      | Found a hazy altar of Hepliaklqana.
  7906 | D:8      | Found an ancient bone altar of Kikubaaqudgha.
  7906 | D:8      | Found a shimmering altar of Xom.
  7910 | D:8      | Found a blossoming altar of Fedhas.
  7910 | D:8      | Found a snail-covered altar of Cheibriados.
  7923 | D:8      | Found a sacrificial altar of Ru.
  7927 | D:8      | Became a worshipper of Kikubaaqudgha
  7990 | D:8      | Found a bloodstained altar of Trog.
  8053 | D:8      | Found a white marble altar of Elyvilon.
  8486 | D:8      | Noticed ceb's ghost (novice FDNe)
  8492 | D:8      | Reached skill level 12 in Necromancy
  8503 | D:8      | Witnessed revenge of ceb's ghost on a killer bee.
  8536 | D:8      | Reached skill level 5 in Fighting
  8623 | D:8      | Gained mutation: Your body sometimes deteriorates upon
                  | taking damage. [mutagenic meat]
  8624 | D:8      | Gained mutation: Your system is resistant to poisons.
                  | (rPois) [mutagenic meat]
  8625 | D:8      | Gained mutation: You are resistant to hostile enchantments.
                  | (MR+) [mutagenic meat]
  8626 | D:8      | Gained mutation: You are frail. (-10% HP) [mutagenic meat]
  8765 | D:8      | Reached * piety under Kikubaaqudgha
  8765 | D:8      | Identified Kikubaaqudgha's Handbook of Sinister Rituals
                  | (Kikubaaqudgha gifted it to you on level 8 of the Dungeon)
  8765 | D:8      | Received a gift from Kikubaaqudgha
  9256 | D:9      | Found a staircase to the Lair.
  9338 | D:9      | Reached skill level 1 in Shields
  9434 | D:9      | Reached XP level 11. HP: 64/64 MP: 17/23
  9640 | D:9      | Reached skill level 13 in Necromancy
  9724 | D:9      | Reached ** piety under Kikubaaqudgha
  9793 | D:9      | Found a staircase to the Orcish Mines.
 10670 | D:9      | HP: 2/64 [wight/dagger of freezing (8)]
 10670 | D:9      | Slain by a wight

Vault maps used:
D:1:      dpeg_arrival_rhombus
D:2:      lemuel_crystal_altar
D:3:      minmay_misc_feat_more_columns
D:4:      lemuel_doored_altar
D:5:      first_bread, basic_altar
D:6:      kennysheep_housing_project, marbit_many_paths,
          nicolae_overflow_hidden_temple, minmay_temple_entry_overgrown
D:7:      old_standard_altar, serial_shops, shop, makhleb_blood_cavern_becter,
          uniq_joseph
D:8:      grunt_temple_overflow_open, lightli_temple_of_fire,
          lemuel_round_altar, hangedman_little_slice_of_home,
          serial_bayou_pond_e
D:9:      minmay_lair_entry_grove, orc_0_dummy
Temple:   chequers_temple_sunken

Skill      XL: |  1  2  3  4  5  6  7  8  9 10 11 |
---------------+----------------------------------+-----
Necromancy     | 5 6 7 9 11 12 13 | 13.2
Spellcasting   | 3 4 5 6 7 8 9 |  9.1
Dodging        | 3 4 5 6 7 8 9 |  9.0
Fighting       | 1 2 4 5 |  5.8
Shields        | 1 2 |  2.0
Stealth        | |  1.2

Action                   |  1- 3 |  4- 6 |  7- 9 | 10-12 || total
-------------------------+-------+-------+-------+-------++-------
Melee: Short sword       |     1 |     5 |    27 |       ||    33
       Morningstar       |       |       |    31 |       ||    31
       Rapier            |       |       |    86 |       ||    86
       Long sword        |       |       |    22 |    80 ||   102
       Trident           |       |       |    11 |       ||    11
       Spear             |       |       |       |   126 ||   126
 Cast: Necrotise         |    68 |   126 |   214 |   217 ||   625
       Vampiric Draining |       |       |    21 |    29 ||    50
       Animate Dead      |       |       |     3 |    12 ||    15
       * Regeneration    |       |       |    26 |    18 ||    44
  Use: Scroll            |       |       |     9 |     1 ||    10
       Potion            |       |       |       |     1 ||     1
 Stab: Distracted        |       |       |       |     3 ||     3
  Eat: Chunk             |       |     5 |     9 |    13 ||    27
       Fruit             |       |     1 |     5 |       ||     6
       Bread ration      |       |       |       |     4 ||     4
Armor: Skin              |     3 |     9 |    50 |    58 ||   120
Dodge: Dodged            |    15 |    24 |   180 |   333 ||   552
Block: Other             |    10 |    10 |    86 |    58 ||   164
       Buckler           |       |       |       |   132 ||   132
       Rpst.: Rapier     |       |       |    30 |       ||    30
       Long sword        |       |       |    12 |    51 ||    63
* Casting counts for permanent charms are approximate representations of how often the player would have had to cast a non-permanent spell for the same benefits.

Table legend:
 A = Spawn XP
 B = Non-spawn XP
 C = Spawn XP percentage of total XP
 D = Spawn monster count
 E = Non-spawn monster count
 F = Spawn count percentage of total count
 G = Total turns spent on level
                    A         B        C        D         E        F      G
               +---------+---------+-------+---------+---------+-------+---------
         Total |    2196 |    8533 |  20.5 |      41 |     215 |  16.0 | 10670
               +---------+---------+-------+---------+---------+-------+---------
           D:1 |       2 |      57 |   3.4 |       2 |      21 |   8.7 |   607
           D:2 |       4 |      70 |   5.4 |       2 |      26 |   7.1 |   601
           D:3 |       0 |      67 |   0.0 |       0 |      10 |   0.0 |   825
           D:4 |     181 |     319 |  36.2 |       7 |      11 |  38.9 |  1232
           D:5 |       0 |     483 |   0.0 |       0 |      12 |   0.0 |   994
           D:6 |     278 |    2228 |  11.1 |       9 |      51 |  15.0 |  1921
           D:7 |     313 |    1047 |  23.0 |       3 |      19 |  13.6 |  1125
           D:8 |     942 |    2878 |  24.7 |      15 |      41 |  26.8 |  1699
           D:9 |     476 |    1384 |  25.6 |       3 |      24 |  11.1 |  1163
               +---------+---------+-------+---------+---------+-------+---------
